Map: Agria Valley

Players

Player 2

  • Race: Zerg Zerg
  • Spawn Location: 11:00

NamroodTuo

  • Race: Terran Terran
  • Spawn Location: 5:00

VOD

Have the link to the VOD?

Description

Time

  • Played on: Feb. 8, 2023, 2:43 p.m.
  • Length: 38:28
Show
View Real Time Build Order
Export as new Build Order

Player 2 Zerg 

Build Orders: 1 Base Baneling Bust, Pool First, Swarm Host 

Get SALT Encoding   

  12  0:01  Drone  
  12  0:03  Unknown  
  13  0:12  Overlord  
  13  0:18  Drone  
  14  0:30  Drone  
  14  0:32  Drone  
  16  0:43  Spawning Pool  
  16  0:46  Drone  
  16  0:50  Drone  
  16  0:53  Extractor  
  16  0:55  Drone  
  17  1:04  Overlord  
  17  1:17  Zergling x2  
  18  1:22  Queen  
  18  1:30  Zergling x2  
  19  1:36  Drone  
  22  1:40  Roach Warren  
  22  1:41  Extractor  
  20  1:47  Drone  
  21  1:58  Drone  
  22  2:08  Overlord  
  22  2:19  Drone  
  23  2:30  Roach  
  23  2:32  Drone  
  26  2:39  Overlord  
  26  2:42  Roach  
  28  2:54  Roach  
  30  3:06  Roach  
  30  3:10  Overlord  
  32  3:19  Roach  
  34  3:31  Roach  
  36  3:40  Overlord  
  36  3:43  Roach  
  36  3:44  Drone  
  36  3:47  Drone  
  40  3:51  Drone  
  40  3:55  Roach, Drone  
  44  3:59  Drone  
  46  4:02  Drone  
  46  4:07  Roach  
  48  4:12  Baneling Nest  
  48  4:13  Drone  
  48  4:19  Roach, Evolution Chamber  
  48  4:21  Drone  
  50  4:32  Roach  
  52  4:44  Roach  
  54  5:16  Zergling x2  
  35  5:29  Zergling x2  
  30  5:41  Roach  
  32  5:53  Roach  
  34  6:05  Roach  
  36  6:17  Roach  
  38  6:30  Roach  
  38  6:31  Lair  
  40  6:42  Roach, Zerg Melee Weapons Level 1  
  40  6:43  Overlord  
  40  6:45  Evolution Chamber  
  39  6:47  Spore Crawler  
  39  6:48  Drone  
  39  6:50  Spore Crawler  
  39  6:51  Drone  
  39  6:53  Roach  
  35  6:58  Drone  
  33  7:03  Zergling x2  
  33  7:08  Drone  
  34  7:14  Roach  
  34  7:15  Queen, Zerg Ground Armor Level 1  
  32  7:20  Drone  
  32  7:25  Roach  
  32  7:27  Drone  
  32  7:29  Overseer  
  35  7:34  Hydralisk Den  
  35  7:36  Roach  
  36  7:37  Drone  
  36  7:38  Spine Crawler  
  36  7:40  Drone  
  36  7:41  Infestation Pit  
  37  7:44  Drone  
  37  7:47  Zergling x2  
  38  7:54  Spine Crawler  
  38  7:58  Roach  
  31  8:08  Roach  
  30  8:15  Drone  
  30  8:19  Roach  
  31  8:29  Swarm Host  
  34  8:37  Zerg Missile Weapons Level 1  
  34  8:38  Hydralisk  
  36  8:44  Spire  
  35  8:49  Hydralisk  
  35  8:52  Drone  
  37  9:02  Drone, Zergling x2  
  36  9:11  Drone  
  36  9:13  Roach  
  36  9:22  Drone  
  36  9:23  Swarm Host  
  34  9:32  Hydralisk  
  36  9:43  Hydralisk  
  38  9:46  Muscular Augments  
  37  9:56  Drone  
  37  9:57  Roach  
  33  10:07  Roach  
  34  10:15  Hydralisk  
  36  10:28  Swarm Host  
  39  10:40  Roach  
  39  10:50  Swarm Host  
  39  10:55  Roach, Hatchery  
  41  10:57  Drone  
  41  10:59  Unknown  
  41  11:00  Drone  
  27  11:11  Hydralisk  
  27  11:16  Drone  
  30  11:33  Roach  
  31  11:41  Drone, Pneumatized Carapace  
  32  11:50  Drone  
  29  11:57  Drone  
  25  12:07  Roach  
  22  12:17  Roach  
  22  12:18  Drone  
  25  12:35  Roach  
  23  12:44  Drone  
  23  12:49  Roach  
  24  12:56  Drone  
  21  13:10  Roach  
  21  13:22  Roach  
  23  13:31  Drone  
  21  13:44  Roach  
  22  13:51  Roach  
  21  14:01  Drone  
  16  14:38  Drone  
  15  14:53  Drone  
  12  15:46  Drone  
  11  16:22  Drone  
  10  16:41  Hive  
  10  16:43  Drone  
  10  17:12  Drone  
  9  17:23  Drone  
  9  17:42  Drone  
  9  18:05  Drone  
Show
View Real Time Build Order
Export as new Build Order

NamroodTuo Terran 

Build Orders:  

Get SALT Encoding   

  12  0:00  Unknown x2, SCV  
  12  0:03  Unknown  
  13  0:08  SCV  
  14  0:17  SCV  
  15  0:25  Supply Depot  
  15  0:31  SCV  
  16  0:41  SCV  
  17  0:50  SCV  
  17  0:56  Supply Depot  
  18  1:00  SCV  
  19  1:10  SCV  
  20  1:19  SCV  
  20  1:21  Factory  
  21  1:29  SCV  
  22  1:39  SCV, Armory  
  23  1:48  SCV  
  24  2:04  Unknown  
  24  2:14  Unknown  
  24  2:23  Engineering Bay  
  24  2:26  Refinery  
  24  2:28  Refinery  
  24  2:34  Unknown  
  24  2:46  Unknown  
  24  2:55  Unknown  
  24  3:02  Unknown  
  24  3:04  Unknown  
  24  3:16  SCV  
  24  3:18  Unknown  
  25  3:25  SCV  
  26  3:35  SCV  
  26  3:39  Command Center  
  26  3:40  Unknown  
  27  3:43  Unknown  
  27  3:48  Unknown  
  27  3:49  Unknown  
  27  3:58  SCV  
  28  4:05  Supply Depot  
  28  4:08  SCV  
  28  4:12  Supply Depot  
  29  4:18  SCV  
  30  4:28  SCV  
  30  4:29  Supply Depot  
  31  4:32  Unknown  
  31  4:35  Supply Depot  
  31  4:37  SCV  
  31  4:38  SCV  
  33  4:47  SCV x2  
  33  4:52  Refinery  
  35  4:55  Refinery  
  35  4:57  SCV  
  36  5:07  SCV  
  37  5:16  SCV  
  37  5:26  SCV  
  37  5:32  Unknown  
  38  5:43  Unknown x2  
  38  5:45  Unknown  
  38  6:01  Unknown  
  38  6:03  Unknown  
  38  6:05  Unknown  
  38  6:07  SCV, Neosteel Armor  
  39  6:16  SCV  
  40  6:26  SCV  
  41  6:36  SCV  
  42  6:46  SCV  
  42  6:53  Unknown  
  43  6:55  SCV  
  43  7:05  Unknown, SCV  
  44  7:15  Unknown  
  44  7:28  Unknown  
  44  7:29  Unknown  
  43  7:33  Hi-Sec Auto Tracking  
  42  7:56  Starport  
  42  8:23  Unknown  
  42  8:28  Starport  
  42  8:33  Unknown, Terran Vehicle and Ship Weapons Level 1  
  42  8:35  Unknown  
  42  8:41  Unknown  
  42  8:46  Unknown  
  42  8:50  Unknown  
  42  8:53  Unknown  
  42  8:54  SCV  
  42  9:00  Unknown  
  43  9:03  Unknown x2, SCV  
  43  9:05  Unknown  
  43  9:08  Unknown  
  44  9:13  SCV  
  44  9:15  Unknown  
  45  9:23  SCV  
  45  9:25  Unknown  
  46  9:32  SCV  
  46  9:35  Unknown  
  47  9:40  Unknown  
  47  9:46  Unknown  
  47  9:55  Unknown  
  47  10:00  Unknown  
  47  10:05  Unknown  
  47  10:07  Unknown x2  
  47  10:08  Unknown  
  47  10:09  Unknown  
  47  10:13  Unknown  
  47  10:15  Unknown  
  47  10:27  Terran Vehicle And Ship Armor Level 1  
  47  33:11  Unknown x6  
  47  33:26  Terran Vehicle and Ship Weapons Level 2  
  47  33:37  Unknown  
  47  34:17  Unknown  
  47  34:18  Unknown  
  47  34:20  Infernal Pre-Igniter  
  47  35:17  Unknown  
  47  35:18  Unknown x3  
  47  35:42  Terran Vehicle And Ship Armor Level 2  
  47  35:46  Unknown  
  47  35:47  Unknown x3  
  47  36:15  Unknown x4  
  47  36:22  Unknown  
  47  36:28  Unknown  
  47  36:43  Unknown  
  47  36:44  Unknown x2  
  47  37:05  Unknown  
Tags
 
Add a new tag
Caveats
  • Supply blocks, unpowered buildings, or Contaminate may cause inaccurate times.
  • Supply counts are checked every 10 seconds.